Map: Pillars of Gold LE

Players

Trap

  • Race: Protoss Protoss
  • Spawn Location: 1:00

Reynor - Winner!

  • Race: Zerg Zerg
  • League: Master
  • Spawn Location: 7:00

Event: DreamHack SC2 Masters 2020 Fall

VOD

Have the link to the VOD?

Description

Time

  • Played on: Sept. 20, 2020, 2:08 p.m.
  • Length: 24:57

All games in this series

Show
View Real Time Build Order
Export as new Build Order

Trap Protoss 

Build Orders: 1 Gate Expand, Oracle Opening, Archon Immortal, Archon Drop 

Get SALT Encoding   

  12  0:00  Probe  
  13  0:14  Pylon  
  13  0:18  Probe (Chrono Boost)  
  15  0:29  Probe (Chrono Boost)  
  15  0:33  Probe (Chrono Boost)  
  16  0:42  Gateway  
  16  0:44  Probe  
  17  0:51  Assimilator  
  17  0:56  Probe  
  18  1:08  Probe  
  19  1:20  Probe  
  20  1:28  Nexus  
  20  1:40  Cybernetics Core  
  20  1:43  Probe  
  21  1:50  Assimilator  
  21  1:55  Probe  
  21  1:59  Pylon  
  22  2:07  Probe  
  23  2:14  Adept (Chrono Boost)  
  23  2:16  Warp Gate  
  23  2:19  Probe (Chrono Boost)  
  26  2:29  Probe (Chrono Boost)  
  27  2:30  Stargate  
  27  2:37  Adept  
  27  2:42  Probe (Chrono Boost)  
  27  2:43  Probe (Chrono Boost)  
  33  2:52  Probe (Chrono Boost)  
  33  2:54  Probe (Chrono Boost)  
  33  2:57  Probe (Chrono Boost)  
  33  3:03  Probe  
  35  3:07  Stalker  
  35  3:09  Probe  
  35  3:11  Oracle (Chrono Boost)  
  38  3:17  Probe  
  42  3:21  Probe  
  42  3:22  Pylon  
  43  3:31  Gateway, Probe  
  43  3:33  Probe  
  44  3:41  Oracle (Chrono Boost)  
  44  3:46  Probe x2  
  49  3:50  Assimilator x2  
  47  3:58  Probe x2  
  47  4:00  Robotics Facility  
  49  4:11  Probe x2  
  49  4:13  Adept  
  53  4:21  Twilight Council, Pylon  
  53  4:23  Probe  
  54  4:28  Pylon  
  54  4:39  Zealot x2, Probe  
  54  4:45  Gateway  
  59  4:49  Gateway  
  59  4:51  Probe  
  59  4:52  Warp Prism (Chrono Boost)  
  57  5:00  Templar Archives  
  57  5:06  Zealot  
  59  5:08  Probe x2  
  59  5:26  Nexus  
  59  5:29  Pylon  
  59  5:31  Probe x2  
  61  5:39  High Templar x3  
  67  5:45  High Templar  
  67  5:47  Immortal (Chrono Boost)  
  67  5:48  Archon  
  67  5:49  Charge (Chrono Boost)  
  69  5:50  Archon  
  73  6:01  Shield Battery  
  73  6:02  Pylon  
  73  6:03  Pylon  
  73  6:04  Probe x2  
  75  6:18  Immortal (Chrono Boost)  
  75  6:25  Gateway  
  79  6:26  Gateway  
  79  6:28  Gateway  
  79  6:29  Sentry  
  79  6:30  Sentry x2  
  85  6:39  Gateway  
  85  6:42  Gateway  
  85  6:44  Probe x3  
  88  6:48  Immortal (Chrono Boost)  
  92  6:57  Pylon  
  92  7:00  Probe  
  92  7:01  Probe x2  
  95  7:07  Zealot, Sentry x3  
  103  7:13  Probe x3  
  106  7:19  Pylon  
  106  7:20  Pylon  
  106  7:22  Observer (Chrono Boost)  
  107  7:37  Zealot x4  
  107  7:38  Zealot x4  
  121  7:47  Robotics Facility  
  121  7:49  Probe x2  
  121  7:50  Probe  
  124  7:53  Assimilator, Robotics Bay  
  124  7:55  Assimilator, Stalker  
  126  7:59  Immortal (Chrono Boost)  
  130  8:07  Stalker  
  130  8:09  Shield Battery  
  130  8:11  Shield Battery  
  132  8:24  Zealot x2  
  131  8:27  Pylon  
  131  8:28  Pylon, Probe x2  
  131  8:30  Probe  
  132  8:40  Disruptor (Chrono Boost)  
  128  8:44  Disruptor (Chrono Boost)  
  128  8:45  Blink  
  134  8:51  Pylon, Stalker  
  134  8:52  Forge  
  136  9:04  Zealot  
  136  9:05  Disruptor (Chrono Boost)  
  136  9:09  Warp Prism (Chrono Boost)  
  137  9:32  High Templar x2  
  137  9:33  Zealot x5, High Templar x2  
  137  9:34  Disruptor (Chrono Boost)  
  156  9:39  Archon x2  
  156  9:41  Photon Cannon  
  156  9:46  Protoss Ground Weapons Level 1  
  156  9:56  Pylon  
  156  9:58  Pylon  
  156  10:02  Pylon  
  156  10:04  Pylon  
  157  10:12  Disruptor (Chrono Boost)  
  157  10:13  Disruptor (Chrono Boost)  
  156  10:18  Stalker x7  
  173  10:28  Zealot x2  
  160  10:42  Stalker x3  
  156  10:45  Stalker x4  
  151  11:03  Disruptor x2 (Chrono Boost)  
  148  11:08  Zealot x2, Stalker x2  
  148  11:09  Zealot  
  138  11:25  Observer  
  122  11:31  Probe x3  
  112  11:36  Disruptor x2 (Chrono Boost)  
  118  11:43  Probe x2  
  118  11:44  Probe  
  121  12:05  Nexus, Stalker x4  
  128  12:15  Stalker x3  
  134  12:24  Pylon  
  134  12:31  Zealot x3  
  134  12:48  High Templar  
  134  12:49  Zealot x4, High Templar  
  144  12:52  Zealot, High Templar x2  
  150  13:00  Disruptor (Chrono Boost)  
  150  13:01  Archon x2  
  153  13:07  Immortal (Chrono Boost)  
  153  13:11  Probe x2  
  159  13:16  Probe (Chrono Boost)  
  156  13:23  Probe (Chrono Boost)  
  159  13:28  Probe x2 (Chrono Boost)  
  159  13:33  Probe x2 (Chrono Boost)  
  161  13:37  Probe x2 (Chrono Boost)  
  161  13:39  Probe  
  164  13:46  High Templar x2  
  164  13:47  Zealot x2, High Templar x2, Pylon  
  176  13:52  Archon x2  
  176  14:01  Stalker x3, Pylon  
  178  14:13  Stalker x2  
  182  14:19  Observer  
  141  14:25  Protoss Ground Weapons Level 2 (Chrono Boost)  
  141  14:27  Disruptor x2 (Chrono Boost)  
  131  14:34  Observer  
  125  14:41  Zealot x2  
  125  14:42  Zealot x7  
  139  14:48  Shield Battery  
  139  14:50  Photon Cannon  
  139  14:52  Disruptor (Chrono Boost)  
  139  14:53  Disruptor (Chrono Boost)  
  145  15:16  Zealot x3, High Templar x2  
  145  15:17  Zealot x4  
  145  15:21  Archon  
  154  15:41  Stalker x3  
  154  15:42  Stalker x3  
  165  15:47  Warp Prism (Chrono Boost)  
  163  15:51  Disruptor (Chrono Boost)  
  146  16:06  Assimilator  
  146  16:07  Assimilator  
  144  16:13  Colossus (Chrono Boost)  
  156  16:26  Colossus (Chrono Boost)  
  156  16:28  Zealot x4  
  156  16:29  Zealot  
  156  16:51  Colossus (Chrono Boost)  
  162  17:02  Colossus (Chrono Boost)  
  162  17:06  Photon Cannon  
  162  17:07  Photon Cannon  
  168  17:12  Zealot x3  
  168  17:13  Zealot x4  
  168  17:14  High Templar x2  
  186  17:18  Archon  
  173  17:44  Nexus  
  173  17:47  High Templar x4  
  173  17:48  Zealot x5  
  191  17:52  Archon x2  
  182  18:20  Zealot x9  
  182  18:24  Protoss Shields Level 1 (Chrono Boost)  
  159  19:00  High Templar x6  
  159  19:01  Stalker  
  159  19:02  Stalker x2  
  169  19:06  Warp Prism (Chrono Boost)  
  169  19:07  Archon  
  169  19:08  Disruptor (Chrono Boost), Archon x2  
  150  19:32  Zealot x6  
  150  19:33  Zealot x2  
  150  19:35  Warp Prism (Chrono Boost), Nexus  
  150  19:37  Colossus (Chrono Boost)  
  122  20:02  Pylon  
  122  20:04  Zealot x8  
  138  20:16  Colossus (Chrono Boost)  
  144  20:29  High Templar x3  
  144  20:35  Archon  
  150  20:37  High Templar, Shield Battery  
  150  20:39  Shield Battery  
  150  20:42  Archon  
  149  20:59  Stalker x5  
  144  21:24  High Templar x2  
  148  21:26  Nexus  
  148  21:34  Pylon  
  119  21:57  High Templar  
  119  21:58  High Templar  
  117  22:12  Archon  
  117  22:15  Assimilator, Zealot x2  
  117  22:16  Zealot x2  
  117  22:17  Assimilator  
  117  22:21  Archon  
  117  22:22  Observer  
  126  22:25  Zealot, High Templar x2  
  126  22:29  Archon  
  88  22:52  Stalker x2  
  88  22:53  Stalker  
  88  22:55  Stalker  
  88  22:56  Stalker x4  
  64  23:17  Zealot x4  
  62  23:22  Zealot x3  
  61  23:28  High Templar x2  
  61  23:32  Archon  
  57  23:53  Nexus  
  57  24:17  High Templar x2  
  57  24:23  Archon  
  61  24:32  Zealot  
  61  24:33  Zealot x3  
  59  24:47  Zealot x3  
Show
View Real Time Build Order
Export as new Build Order

Reynor Zerg - Winner!

Build Orders: Hatch First 

Get SALT Encoding   

  12  0:00  Drone  
  13  0:12  Overlord  
  13  0:17  Drone  
  14  0:31  Drone  
  15  0:47  Drone x2  
  17  0:56  Hatchery  
  16  0:58  Drone  
  16  1:02  Drone  
  18  1:11  Extractor  
  17  1:18  Spawning Pool  
  17  1:21  Drone  
  17  1:24  Drone  
  18  1:30  Drone  
  19  1:42  Drone  
  20  1:52  Overlord  
  20  2:05  Queen  
  22  2:08  Zergling x4  
  22  2:09  Queen  
  22  2:13  Drone  
  27  2:19  Drone  
  27  2:20  Metabolic Boost  
  28  2:25  Drone  
  29  2:30  Drone  
  30  2:45  Drone, Hatchery  
  30  2:50  Drone  
  31  2:54  Drone  
  31  2:55  Overlord  
  32  3:01  Queen  
  32  3:04  Drone  
  35  3:06  Drone  
  36  3:17  Zergling x4  
  36  3:18  Zergling x2  
  39  3:20  Overlord  
  39  3:21  Drone  
  39  3:22  Drone  
  39  3:24  Drone  
  42  3:30  Spore Crawler  
  41  3:34  Zergling x2  
  41  3:36  Drone  
  41  3:38  Queen  
  45  3:48  Zergling x2  
  44  3:52  Drone x4  
  48  3:56  Overlord  
  48  4:02  Drone  
  49  4:07  Queen  
  49  4:09  Overlord  
  48  4:14  Drone  
  48  4:15  Drone x5  
  54  4:20  Queen  
  54  4:23  Spore Crawler  
  55  4:28  Drone x2, Spore Crawler  
  55  4:30  Drone  
  57  4:34  Drone x2  
  59  4:42  Drone x4  
  62  4:50  Drone x3, Roach Warren  
  61  4:53  Drone x2  
  61  4:56  Drone x2  
  62  5:01  Drone  
  62  5:02  Drone  
  62  5:06  Overlord  
  64  5:08  Drone  
  65  5:14  Lair  
  65  5:16  Drone  
  65  5:18  Extractor  
  65  5:19  Overlord  
  65  5:24  Drone  
  65  5:25  Overlord  
  66  5:31  Roach x4  
  73  5:40  Overlord  
  73  5:41  Roach x3  
  79  5:44  Overlord  
  79  5:47  Drone x3  
  79  5:48  Drone x4  
  85  5:51  Roach  
  85  5:53  Spine Crawler  
  85  5:55  Zergling x2  
  86  6:01  Overlord  
  86  6:02  Roach  
  86  6:03  Roach  
  90  6:08  Extractor  
  90  6:09  Drone x3, Evolution Chamber  
  90  6:10  Drone x3  
  94  6:14  Overlord  
  93  6:19  Drone x2  
  93  6:22  Drone  
  93  6:23  Drone x2  
  93  6:25  Extractor  
  97  6:26  Extractor, Overseer  
  97  6:30  Extractor  
  97  6:32  Glial Reconstitution  
  95  6:33  Drone x5  
  95  6:37  Overlord  
  95  6:39  Drone  
  101  6:42  Overlord  
  100  6:53  Hatchery  
  100  6:54  Zerg Missile Weapons Level 1  
  97  7:00  Roach x4  
  104  7:02  Zergling x14  
  104  7:04  Overlord  
  104  7:07  Roach x2  
  115  7:09  Roach  
  115  7:12  Roach  
  119  7:16  Roach x3  
  119  7:17  Overlord  
  125  7:23  Roach  
  125  7:28  Roach  
  125  7:29  Roach x2, Zergling x6  
  132  7:42  Roach  
  132  7:43  Roach x5  
  144  7:45  Overlord  
  144  7:53  Overlord  
  144  7:55  Ravager  
  144  7:57  Overlord  
  145  8:05  Ravager x2  
  147  8:07  Roach x3  
  147  8:08  Roach x3  
  147  8:10  Overlord  
  159  8:13  Roach x4  
  159  8:17  Roach  
  159  8:18  Roach x3  
  174  8:21  Overlord  
  174  8:25  Drone x4  
  175  8:31  Roach x2, Zergling x4  
  175  8:32  Zergling x2  
  167  8:40  Baneling Nest  
  156  8:41  Roach x2, Zergling x8  
  156  8:42  Zergling x2  
  156  8:44  Drone x2  
  156  8:47  Drone x2  
  164  8:48  Drone  
  164  8:50  Zerg Melee Weapons Level 1  
  164  8:53  Ravager x4  
  164  8:54  Roach x2  
  164  8:55  Roach x2  
  177  8:56  Zergling x2  
  177  8:57  Ravager x2  
  177  8:58  Ravager  
  177  9:00  Zergling x6  
  177  9:01  Zergling x4  
  186  9:04  Drone  
  186  9:08  Drone  
  186  9:09  Drone x3  
  188  9:15  Overlord  
  188  9:19  Evolution Chamber  
  188  9:23  Drone x3  
  188  9:24  Drone x2, Zergling x2  
  178  9:25  Zergling x8  
  168  9:34  Drone, Centrifical Hooks  
  168  9:35  Drone x2  
  171  9:39  Zergling x12  
  177  9:46  Zergling x6  
  177  9:47  Zergling x6  
  183  9:55  Overlord  
  183  9:57  Zergling x4, Hatchery  
  183  9:58  Zergling x6  
  186  10:10  Baneling x5  
  186  10:11  Baneling x18  
  186  10:17  Baneling x8  
  186  10:21  Zergling x20  
  186  10:22  Zergling x6  
  174  10:40  Zergling x34  
  174  10:49  Roach x2, Baneling x9  
  180  10:50  Roach, Zergling x4  
  180  10:54  Roach, Zergling x2  
  178  10:58  Roach  
  172  11:10  Roach x3, Zergling x6  
  174  11:14  Roach  
  156  11:19  Roach x2  
  156  11:25  Roach  
  145  11:28  Roach x2, Zergling x2  
  144  11:33  Zergling x4  
  144  11:36  Roach  
  144  11:40  Zergling x4  
  144  11:42  Ravager x7  
  144  11:43  Ravager x3  
  156  11:50  Ravager x4, Hatchery  
  156  11:51  Zergling x4, Hatchery  
  156  11:52  Zergling x2  
  161  11:57  Zergling x8  
  165  12:05  Zergling x2  
  165  12:06  Zergling x8  
  169  12:12  Ravager x3  
  169  12:14  Baneling x11  
  170  12:21  Zergling x4  
  170  12:22  Zergling x8  
  176  12:27  Zergling x6  
  174  12:39  Baneling x3  
  174  12:40  Baneling x6  
  162  12:46  Zergling x16  
  162  12:51  Baneling x7  
  161  13:00  Baneling x11  
  161  13:07  Zergling x10  
  156  13:20  Zergling x16  
  156  13:25  Baneling x16  
  156  13:27  Drone x2  
  165  13:33  Zerg Melee Weapons Level 2  
  166  13:37  Roach x2, Zergling x6  
  173  13:42  Drone x2  
  175  13:56  Zergling x22  
  175  13:57  Spore Crawler  
  185  14:04  Baneling x10  
  184  14:10  Roach, Zergling x20  
  190  14:23  Roach, Zergling x14  
  170  14:26  Roach, Zergling x4  
  161  14:34  Roach, Zergling x14  
  165  14:41  Drone x4  
  165  14:44  Zergling x6  
  170  14:47  Ravager x3  
  170  14:49  Baneling  
  170  14:50  Baneling x7  
  173  15:01  Zergling x8  
  176  15:07  Hatchery  
  176  15:10  Zergling x16  
  180  15:17  Baneling x13  
  179  15:29  Zergling x2  
  179  15:30  Zergling x28  
  191  15:42  Zergling x18  
  198  15:55  Drone x5  
  197  16:00  Zergling x6  
  187  16:05  Zergling x6  
  189  16:11  Baneling x13  
  189  16:12  Baneling x8  
  189  16:15  Hatchery  
  188  16:21  Zergling x14  
  188  16:24  Overseer  
  195  16:27  Ravager x3  
  195  16:30  Zerg Missile Weapons Level 2  
  198  16:33  Zergling x4  
  189  16:47  Zergling x20  
  189  16:51  Roach, Zergling x10  
  196  16:58  Drone  
  196  16:59  Drone x2  
  199  17:06  Baneling x15  
  199  17:17  Burrow  
  199  17:33  Zergling x4  
  199  17:47  Drone  
  195  18:01  Baneling x9  
  195  18:02  Baneling x16  
  193  18:13  Zergling x2  
  193  18:14  Zergling x16  
  190  18:37  Roach, Zergling x4  
  190  18:38  Zergling x42  
  200  18:47  Hatchery  
  197  18:55  Zergling x22  
  174  18:58  Roach, Zergling x6  
  174  18:59  Zergling x6  
  174  19:06  Roach, Zergling x6  
  174  19:08  Zergling x4  
  174  19:09  Queen  
  179  19:13  Zergling x2  
  179  19:14  Zergling x8  
  173  19:21  Roach, Zergling x8  
  173  19:24  Roach  
  170  19:25  Baneling x16  
  170  19:28  Roach, Zergling x6  
  175  19:33  Roach x2, Zergling x4  
  175  19:34  Zergling x2  
  175  19:36  Baneling x16  
  177  19:42  Roach, Zergling x4  
  177  19:44  Zergling x2  
  177  19:45  Zergling x8  
  165  19:49  Roach, Zergling x2  
  165  19:50  Zergling x4  
  150  19:56  Roach, Zergling x8  
  150  20:04  Zergling x8  
  154  20:08  Zergling x6  
  154  20:10  Baneling x6  
  154  20:12  Zergling x2  
  154  20:13  Zergling x18  
  167  20:14  Baneling x19  
  167  20:16  Zergling x2  
  167  20:19  Zergling x2  
  167  20:21  Zergling x2  
  169  20:26  Zergling x16  
  177  20:32  Roach  
  179  20:38  Drone x2  
  179  20:40  Roach, Zergling x8  
  183  20:50  Roach, Zergling x24  
  183  20:52  Hatchery  
  196  21:01  Zergling x8  
  185  21:12  Roach, Zergling x24  
  185  21:17  Baneling x13  
  185  21:18  Baneling x12  
  199  21:22  Spore Crawler  
  198  21:38  Zergling x4  
  193  21:48  Zergling x12  
  193  21:49  Zergling x6  
  198  21:57  Hatchery  
  198  21:59  Zergling x6  
  200  22:06  Zergling x8  
  198  22:15  Drone  
  198  22:18  Drone x2, Infestation Pit  
  199  22:28  Zergling x4  
  199  22:29  Baneling x4  
  164  22:44  Zergling x44  
  164  22:47  Roach, Zergling x2  
  159  22:52  Roach x2, Zergling x2  
  159  22:53  Roach  
  159  22:56  Roach, Zergling x6  
  138  22:59  Roach  
  138  23:05  Roach x3, Zergling x2  
  130  23:07  Zergling x2  
  130  23:09  Roach  
  127  23:16  Roach x3, Zergling x2  
  127  23:18  Roach  
  131  23:26  Roach x5  
  127  23:39  Hatchery  
  126  23:49  Ravager x3, Hatchery  
  126  23:52  Zergling x6  
  131  24:02  Zergling x8  
  135  24:03  Zergling x6  
  138  24:16  Drone x3  
  135  24:19  Zergling x12  
  135  24:22  Zergling x2  
  135  24:23  Zergling x4  
  143  24:33  Zergling x12  
  143  24:36  Zergling x4  

Tags
 
Add a new tag
Caveats
  • Supply blocks, unpowered buildings, or Contaminate may cause inaccurate times.
  • Supply counts are checked every 10 seconds.